 Dungeon Crawl Stone Soup version 0.21.1-1-g345015f (webtiles) character file.

226242 Kairos the Peltast (level 19, -4/150 HPs)
             Began as a Formicid Fighter on Apr 5, 2018.
             Was a High Priest of Okawaru.
             Slain by an orc warlord
             ... wielding a +1 battleaxe of chopping
              (21 damage)
             ... on level 1 of the Orcish Mines on Apr 6, 2018.
             The game lasted 03:19:16 (39034 turns).

Kairos the Peltast (Formicid Fighter)              Turns: 39034, Time: 03:19:17

Health: -4/150     AC: 18    Str: 27    XL:     19   Next: 60%
Magic:  18/26      EV: 24    Int: 13    God:    Okawaru [*****.]
Gold:   1386       SH: 17    Dex: 16    Spells: 10/18 levels left

rFire    . . .     SeeInvis +   N - +8 battleaxe "Suiwn" {flame, Dex+4}
rCold    + . .     Gourm    .   B - +0 shield "Forget-Me-Not" {rN++ MR+++ rCorr Dex-5}
rNeg     + + +     Faith    +   F - +3 leather armour of Goapevu {rPois Regen+ Str+6 Dex-3}
rPois    +         Spirit   .   (helmet unavailable)
rElec    .         Reflect  .   r - +2 cloak of the Thief {+Fog Slay-2 SInv Stlth+}
rCorr    +         Harm     .   R - +1 pair of gloves {Dex+3}
MR       ++++.                  y - +1 pair of boots {Fly}
Stlth    +++++++...             i - amulet of faith
HPRegen  0.75/turn              h - ring of Borchemye {rN+ Dex+2}
MPRegen  0.20/turn              g - ring of Reimbursement {*Tele rPois rC+ Int+2 Stlth+}

@: heroism, finesse, flying, very slightly contaminated, invisible
A: permanent stasis, dig shafts and tunnels, four strong arms, antennae 3
}: 2/15 runes: decaying, serpentine
a: Dig, Shaft Self, Heroism, Finesse, Renounce Religion, Evoke Fog, Stop Flying


You were on level 1 of the Orcish Mines.
You worshipped Okawaru.
Okawaru was extremely pleased with you.
You were not hungry.

You visited 6 branches of the dungeon, and saw 27 of its levels.
You also visited: Labyrinth and Ice Cave.

You collected 1719 gold pieces.
You spent 333 gold pieces at shops.

Inventory:

Hand Weapons
 c - a +2 quarterstaff of distortion
 C - a +1 lajatang of protection
 D - the +5 quarterstaff of Suicidal Tendencies {flame, rElec rPois MR+ MP+9}
   (You found it on level 6 of the Dungeon)

   It has been specially enchanted to burn those struck by it, causing extra
   injury to most foes and up to half again as much damage against particularly
   susceptible opponents.
   It insulates you from electricity.
   It protects you from poison.
   It affects your resistance to hostile enchantments.
   It affects your magic capacity (+9).
 N - the +8 battleaxe "Suiwn" (weapon) {flame, Dex+4}
   (Okawaru gifted it to you in an ice cave)

   It has been specially enchanted to burn those struck by it, causing extra
   injury to most foes and up to half again as much damage against particularly
   susceptible opponents.
   Big, fiery blades are also staple armaments of hydra-hunters.
   It affects your dexterity (+4).
 Y - a +4 quarterstaff of holy wrath
Missiles
 q - 4 throwing nets (quivered)
 w - 5 silver javelins
Armour
 r - the +2 cloak of the Thief (worn) {+Fog Slay-2 SInv Stlth+}
   (You found it in a labyrinth)

   It affects your accuracy and damage with ranged weapons and melee attacks
   (-2).
   It lets you see invisible.
   It makes you more stealthy.
 y - a +1 pair of boots of flying (worn)
 z - a +0 pair of gloves of strength
 B - the +0 shield "Forget-Me-Not" (worn) {rN++ MR+++ rCorr Dex-5}
   (Okawaru gifted it to you on level 2 of the Snake Pit)

   It affects your dexterity (-5).
   It greatly protects you from negative energy.
   It affects your resistance to hostile enchantments.
   It protects you from acid and corrosion.
 F - the +3 leather armour of Goapevu (worn) {rPois Regen+ Str+6 Dex-3}
   (You found it on level 6 of the Dungeon)

   It affects your strength (+6).
   It affects your dexterity (-3).
   It protects you from poison.
   It increases your rate of regeneration.
 R - a +1 pair of gloves of dexterity (worn)
 T - the +8 crystal plate armour "Suraceustish" {rF+ Str+3 Int+4 Stlth+}
   (Okawaru gifted it to you in an ice cave)

   It affects your strength (+3).
   It affects your intelligence (+4).
   It protects you from fire.
   It makes you more stealthy.
Jewellery
 g - the ring of Reimbursement (right hand) {*Tele rPois rC+ Int+2 Stlth+}
   (You found it on level 9 of the Dungeon)

   [ring of teleportation]

   It may teleport you next to monsters.
   It affects your intelligence (+2).
   It protects you from cold.
   It protects you from poison.
   It makes you more stealthy.
 h - the ring of Borchemye (left hand) {rN+ Dex+2}
   (You found it on level 4 of the Lair of Beasts)

   [ring of positive energy]

   It affects your dexterity (+2).
   It protects you from negative energy.
 i - an amulet of faith (around neck)
 p - an uncursed ring of protection from fire
 x - an uncursed ring of protection from magic
 V - a +3 amulet of reflection
 W - an uncursed ring of protection from cold
Wands
 a - a wand of digging (41)
 b - a wand of polymorph (6)
 v - a wand of disintegration (12)
 E - a wand of acid (25)
 G - a wand of iceblast (39)
 K - a wand of enslavement (21)
 L - a wand of paralysis (31)
 S - a wand of clouds (6)
Scrolls
 k - 13 scrolls of remove curse
 n - a scroll of silence {unknown}
 o - 3 scrolls of magic mapping
 u - 4 scrolls of fog
 H - a scroll of enchant weapon {unknown}
 O - 2 scrolls of acquirement {unknown}
 Z - 3 scrolls of fear
Potions
 d - 3 potions of might
 e - 13 potions of curing
 j - 3 potions of brilliance
 l - 2 potions of heal wounds
 m - 3 potions of cancellation
 s - 3 potions of magic
 I - a potion of mutation {unknown}
 J - a potion of ambrosia {unknown}
 P - 2 potions of agility
 Q - a potion of berserk rage {unknown}
 U - 4 potions of lignification {unknown}
Miscellaneous
 A - a phial of floods
Comestibles
 f - 28 rations


   Skills:
 + Level 13.5(18.5) Fighting
 + Level 4.7(9.7) Axes
 + Level 15.8(20.8) Staves
 * Level 15.4(20.4) Armour
 * Level 11.2(16.2) Dodging
 + Level 8.7(13.7) Stealth
 + Level 16.9(21.9) Shields
 + Level 10.0 Invocations
 + Level 7.7 Evocations


You had 10 spell levels left.
You knew the following spells:

 Your Spells              Type           Power        Failure   Level  Hunger
a - Call Imp              Summ           #.......     45%         2    ###....
b - Regeneration          Chrm/Necr      #.........   69%         3    ####...
c - Stone Arrow           Conj/Erth      #.....       69%         3    ####...


Dungeon Overview and Level Annotations

Branches:
Dungeon (11/15)            Temple (1/1) D:4            Lair (6/6) D:11
  Swamp (4/4) Lair:3        Snake (4/4) Lair:2        Slime (0/5) Lair:6
    Orc (1/2) D:9

Altars:
Ashenzari
Cheibriados
Dithmenos
Elyvilon
Fedhas
Gozag
Hepliaklqana
Kikubaaqudgha
Makhleb
Nemelex Xobeh
Okawaru
Qazlal
Ru
Sif Muna
Trog
Uskayaw
Vehumet
Wu Jian
Xom
Yredelemnul
Zin
The Shining One
Jiyva

Shops:
D:4 *   D:8 **   D:9 =(

Annotations:
Lair:4 exclusion: 4 oklob plants
Lair:5 exclusion: oklob plant
Lair:6 1 runed door


Innate Abilities, Weirdness & Mutations

You cannot be hasted, slowed, berserked, paralysed or teleported.
You can dig through walls and to a lower floor.
Your four strong arms can wield two-handed weapons with a shield.
You have a pair of large antennae on your head. (SInv)


Message History

The orc warlord roars a battlecry!
The orc knight hits you with a dire flail!!
* * * LOW HITPOINT WARNING * * *
The orc knight hits you with an enchanted long sword!
* * * LOW HITPOINT WARNING * * *
You hear a shout! x5
Things that are here:
a war axe; a ring mail; an orc corpse You have 1386 gold pieces.
You fade into invisibility!
The orc warrior misses you. The orc knight barely misses you.
You are very lightly contaminated with residual magic.
An orc knight comes into view. It is wielding a great sword.
You block the orc knight's attack.
A warg comes into view.
There is a stone staircase leading down here.
A gnoll, 3 orcs and 2 orc warriors come into view.
The orc warrior moves out of view.
The orc warlord hits you with a battleaxe of chopping!!
You die...

........###.#...
..#......#........
..$#..............
#......§..........
§......o§..$......
≈.....#§oT§§....#.
≈....§.§ooo§§.....
≈.h..§..ooo§§.....
......§@§oo{{.....
.o...$§§o§§§§.o...
......o§§§§...#o..
..o...o.#.........
$o...............#
...o.{..........##
.g.o{.........###
..#............


You could see an orc warlord, 4 orc knights, a troll, a warg, 3 orc warriors, a
gnoll (wandering) and 5 orcs.

Vanquished Creatures
  Vashnia (Snake:3)
  Saint Roka (Snake:3)
  Frances (Snake:1)
  A thorn hunter (Swamp:1)
  7 nagarajas (Snake:4)
  A frost giant (IceCv)
  Aizul (Snake:4)
  3 very ugly things
  Snorg (Lair:3)
  A minotaur (Lab)
  Josephine (Lair:5)
  A fire dragon (Lair:6)
  Harold (Lair:3)
  15 naga warriors
  19 anacondas
  21 hydras
  A two-headed ogre (D:9)
  Erica (Lair:2)
  An ogre mage (D:9)
  11 alligators
  7 death yaks
  23 naga sharpshooters
  An orc high priest (Orc:1)
  Urug (Lair:3)
  8 shock serpents
  Sonja (Lair:2)
  Nergalle (D:10)
  A fire crab (Lair:6)
  A sea snake (shapeshifter) (D:9)
  4 salamander mystics
  2 unseen horrors
  5 spriggan druids
  3 sea snakes (Snake:4)
  2 shambling mangroves
  5 naga ritualists
  9 swamp dragons
  2 lindwurms
  An orange crystal statue (D:9)
  Pikel (D:5)
  An orc knight (Orc:1)
  3 orc sorcerers
  8 mana vipers
  A cyclops (D:9)
  8 salamanders
  4 ugly things
  4 elephants (Lair:6)
  An ice statue (IceCv)
  42 black mambas
  14 guardian serpents
  28 naga magi
  2 molten gargoyles (Lair:6)
  4 gargoyles (Lab)
  24 spiny frogs
  15 komodo dragons
  A troll (Orc:1)
  15 polar bears
  6 tyrant leeches
  3 hornets
  7 bog bodies
  3 hippogriffs
  15 blink frogs
  6 dream sheep (Lair:6)
  16 slime creatures
  29 yaks
  2 shadows
  3 spriggans
  12 wyverns
  3 basilisks
  2 steam dragons
  7 wraiths
  5 hungry ghosts
  52 nagas
  16 swamp worms
  12 vampire mosquitoes
  4 insubstantial wisps (Swamp:4)
  A warg (Orc:1)
  15 water moccasins
  7 orc warriors
  4 porcupines
  4 hell hounds (Lair:6)
  15 swamp drakes
  Duvessa (D:7)
  4 sky beasts
  A black bear (Lair:2)
  9 ogres
  31 wolves
  2 centaurs
  8 crocodiles
  Blork the orc (D:4)
  15 bullfrogs
  A big kobold (D:9)
  2 wyvern zombies
  Dowan (D:7)
  4 scorpions
  A water moccasin zombie (D:8)
  2 wyvern skeletons
  4 killer bees (D:11)
  11 wights
  4 howler monkeys
  3 electric eels
  10 crimson imps
  5 lava snakes (Lair:6)
  A bullfrog zombie (D:8)
  A quasit (D:8)
  2 centaur zombies
  2 hounds
  2 bullfrog skeletons
  3 orc priests
  6 centaur skeletons
  6 orc wizards
  4 iguanas
  8 worker ants
  2 hound zombies
  A howler monkey zombie (D:6)
  A worker ant zombie (D:5)
  12 gnolls
  14 adders
  3 shadow imps
  An adder zombie (D:6)
  3 adder skeletons
  5 worms (D:2)
  13 leopard geckos
  30 orcs
  A bat zombie (D:1)
  6 giant cockroaches
  5 goblins
  5 hobgoblins
  12 jackals
  6 kobolds
  2 quokkas
  3 ball pythons
  A ball python zombie (D:6)
  5 bats
  9 frilled lizards
  A giant cockroach zombie (D:1)
  A leopard gecko skeleton (D:4)
  A leopard gecko zombie (D:5)
  8 rats
  A plant (Lair:5)
899 creatures vanquished.

Vanquished Creatures (others)
  Asterion (Snake:4)
  A lindwurm (Swamp:4)
  A tyrant leech (Swamp:4)
  A blink frog (Swamp:4)
  A quokka (D:8)
  4 fungi
  16 plants
25 creatures vanquished.

Grand Total: 924 creatures vanquished

Notes
Turn   | Place    | Note
-------+----------+-------------------------------------------
     0 | D:1      | Kairos the Formicid Fighter began the quest for the Orb.
     0 | D:1      | Reached XP level 1. HP: 18/18 MP: 1/1
    82 | D:1      | Reached XP level 2. HP: 18/24 MP: 2/2
   399 | D:1      | Reached skill level 4 in Shields
   399 | D:1      | Reached XP level 3. HP: 29/29 MP: 3/3
  1180 | D:1      | Reached XP level 4. HP: 16/35 MP: 2/4
  1353 | D:2      | Reached skill level 1 in Dodging
  1405 | D:1      | Reached XP level 5. HP: 12/41 MP: 2/5
  2634 | D:3      | Reached XP level 6. HP: 45/48 MP: 6/6
  2848 | D:3      | Found a blossoming altar of Fedhas.
  3053 | D:4      | Noticed Blork the orc
  3066 | D:4      | Killed Blork the orc
  3673 | D:4      | Found a staircase to the Ecumenical Temple.
  3701 | D:4      | Reached XP level 7. HP: 55/55 MP: 7/7
  3731 | Temple   | Entered the Ecumenical Temple
  4030 | D:4      | Reached skill level 5 in Staves
  4652 | D:4      | Found Huecry's Assorted Antiques.
  4820 | D:4      | Bought a small wooden ring for 140 gold pieces
  4881 | D:5      | Entered Level 5 of the Dungeon
  4975 | D:5      | Noticed Pikel
  5000 | D:5      | Killed Pikel
  5000 | D:5      | Reached skill level 5 in Fighting
  5000 | D:5      | Reached skill level 5 in Armour
  5000 | D:5      | Reached skill level 5 in Shields
  5000 | D:5      | Reached XP level 8. HP: 32/62 MP: 8/8
  5089 | D:5      | Found an iron altar of Okawaru.
  5113 | D:5      | Became a worshipper of Warmaster Okawaru
  6159 | D:6      | Reached skill level 1 in Stealth
  6159 | D:6      | Reached XP level 9. HP: 56/68 MP: 9/9
  6176 | D:6      | Got a pitted quarterstaff
  6177 | D:6      | Identified the +5 quarterstaff of Suicidal Tendencies {flame, rElec rPois MR+ MP+9} (You found it on level 6 of the Dungeon)
  6330 | D:6      | Got a scorched leather armour
  6341 | D:6      | Identified the +3 leather armour of Goapevu {rPois Regen+ Str+6 Dex-3} (You found it on level 6 of the Dungeon)
  6608 | D:6      | Found a glowing silver altar of Zin.
  6624 | D:6      | Reached skill level 6 in Shields
  6844 | D:6      | Reached * piety under Okawaru
  6962 | D:7      | Noticed Dowan
  6964 | D:7      | Noticed Duvessa
  7002 | D:7      | Killed Duvessa
  7020 | D:7      | Killed Dowan
  7149 | D:7      | Reached XP level 10. HP: 77/77 MP: 10/10
  7703 | D:8      | Found Gehergh's Assorted Antiques.
  7767 | D:8      | Found a glowing golden altar of the Shining One.
  7769 | D:8      | Found a stormy altar of Qazlal.
  7825 | D:8      | Reached skill level 1 in Invocations
  7825 | D:8      | Reached skill level 1 in Evocations
  7879 | D:8      | Reached ** piety under Okawaru
  7908 | D:8      | Found an iron altar of Okawaru.
  7976 | D:8      | Found Xysidd's Assorted Antiques.
  8000 | D:8      | Found a white marble altar of Elyvilon.
  8019 | D:8      | Reached skill level 10 in Staves
  8076 | D:8      | Reached skill level 7 in Shields
  8671 | D:8      | Bought a potion of curing for 51 gold pieces
  8671 | D:8      | Bought a scroll labeled BIUWONILOAS for 17 gold pieces
  8708 | D:8      | Bought a glass ring for 125 gold pieces
  8843 | D:9      | Found Cist's Weapon Emporium.
  8883 | D:9      | Noticed a two-headed ogre
  8895 | D:9      | Killed a two-headed ogre
  8919 | D:9      | Found a transporter.
  8921 | D:9      | Noticed an unseen horror
  8921 | D:9      | Noticed a cyan ugly thing
  8927 | D:9      | Noticed an ogre mage
  8929 | D:9      | Noticed a cyclops
  8932 | D:9      | Noticed an orange crystal statue
  8933 | D:9      | Found Yfauc's Jewellery Emporium.
  8945 | D:9      | Found a transporter.
  9316 | D:9      | Reached XP level 11. HP: 83/83 MP: 13/13
  9398 | D:9      | Found a staircase to the Orcish Mines.
  9478 | D:9      | Noticed a fire crab
  9497 | D:9      | Noticed a fire crab
  9524 | D:9      | Noticed a moth of wrath
  9524 | D:9      | a fire crab changed into a moth of wrath
  9544 | D:9      | a moth of wrath changed into a floating eye
  9595 | D:9      | Noticed a glowing orange brain
  9595 | D:9      | a floating eye changed into a glowing orange brain
  9645 | D:9      | a glowing orange brain changed into a swamp worm
  9665 | D:9      | Killed an unseen horror
  9674 | D:9      | Killed a cyan ugly thing
  9674 | D:9      | Reached skill level 8 in Shields
  9698 | D:9      | Noticed a glowing orange brain
  9866 | D:10     | Entered Level 10 of the Dungeon
 10022 | D:10     | Reached skill level 5 in Invocations
 10098 | D:10     | Reached *** piety under Okawaru
 10113 | D:10     | Noticed Nergalle
 10228 | D:10     | Killed Nergalle
 11323 | D:11     | Reached **** piety under Okawaru
 11328 | D:11     | Found a deep blue altar of Sif Muna.
 11448 | D:11     | Reached skill level 5 in Evocations
 11629 | D:11     | Found a staircase to the Lair.
 11794 | D:11     | Noticed an unseen horror
 11806 | D:11     | Killed an unseen horror
 11806 | D:11     | Reached ***** piety under Okawaru
 11998 | Lair:1   | Entered Level 1 of the Lair of Beasts
 12001 | Lair:1   | Reached XP level 12. HP: 92/92 MP: 16/16
 12476 | Lair:1   | Learned a level 2 spell: Call Imp
 13005 | Lair:2   | Noticed Erica
 13020 | Lair:2   | Killed Erica
 13025 | Lair:2   | Found a frozen archway.
 13075 | Lair:2   | Got a smoking rapier
 13117 | IceCv    | Entered an ice cave
 13165 | IceCv    | Received a gift from Okawaru
 13370 | IceCv    | Reached skill level 9 in Shields
 13406 | IceCv    | Reached ****** piety under Okawaru
 13413 | IceCv    | Noticed a death yak
 13424 | IceCv    | Killed a death yak
 13665 | IceCv    | Received a gift from Okawaru
 13671 | IceCv    | Got a translucent battleaxe {god gift}
 13678 | IceCv    | Reached XP level 13. HP: 89/99 MP: 18/18
 13679 | IceCv    | Identified the +8 battleaxe "Suiwn" {flame, Dex+4} (Okawaru gifted it to you in an ice cave)
 13756 | IceCv    | Reached skill level 5 in Dodging
 13948 | IceCv    | Identified the +1 rapier "Pooc" {drain, rElec rF+ rN+ Str+2} (You found it on level 2 of the Lair of Beasts)
 14245 | IceCv    | Noticed a frost giant
 14256 | IceCv    | Killed a frost giant
 14256 | IceCv    | Received a gift from Okawaru
 14256 | IceCv    | Reached skill level 10 in Shields
 14260 | IceCv    | Got a smoking crystal plate armour {god gift}
 14669 | IceCv    | Identified the +8 crystal plate armour "Suraceustish" {rF+ Str+3 Int+4 Stlth+} (Okawaru gifted it to you in an ice cave)
 15044 | Lair:2   | Found a staircase to the Snake Pit.
 15280 | Lair:2   | Noticed Sonja
 15311 | Lair:2   | Killed Sonja
 15555 | Lair:3   | Reached skill level 5 in Stealth
 15607 | Lair:3   | Noticed Harold
 15635 | Lair:3   | Killed Harold
 15692 | Lair:3   | Noticed Snorg
 15708 | Lair:3   | Killed Snorg
 15916 | Lair:3   | Noticed a four-headed hydra
 15925 | Lair:3   | Killed a four-headed hydra
 15939 | Lair:3   | Found a staircase to the Swamp.
 15995 | Lair:3   | Noticed Urug
 16006 | Lair:3   | Killed Urug
 16006 | Lair:3   | Reached skill level 11 in Shields
 16519 | Lair:4   | Reached XP level 14. HP: 54/108 MP: 20/20
 17045 | Lair:4   | Received a gift from Okawaru
 17060 | Lair:4   | Found the +4 robe of Augmentation {Str+4 Int+4 Dex+4}
 17957 | Lair:4   | Got a bound platinum ring
 18052 | Lair:4   | Identified the ring of Borchemye {rN+ Dex+2} (You found it on level 4 of the Lair of Beasts)
 18915 | Lair:5   | Noticed Josephine
 18941 | Lair:5   | Killed Josephine
 18982 | Lair:5   | Received a gift from Okawaru
 19169 | Lair:5   | Reached skill level 10 in Fighting
 19704 | Lair:6   | Entered Level 6 of the Lair of Beasts
 19733 | Lair:6   | Received a gift from Okawaru
 19741 | Lair:6   | Reached skill level 12 in Shields
 20090 | Lair:6   | Found a labyrinth entrance.
 20107 | Lab      | Entered a labyrinth
 21338 | Lab      | Found the +10 Black Knight's horse barding {ponderous, rPois rN+}
 21341 | Lab      | Reached skill level 10 in Armour
 21342 | Lab      | Identified Yjaef's Tome of Quantum Calling
 21343 | Lab      | Found the +2 cloak of the Thief {+Fog Slay-2 SInv Stlth+}
 21354 | Lab      | Learned a level 3 spell: Regeneration
 21455 | Lair:6   | Reached XP level 15. HP: 97/115 MP: 21/21
 21680 | Lair:6   | Found a large runed door.
 21697 | Lair:6   | Found a large runed door.
 21976 | Lair:6   | Found a runed door.
 21977 | Lair:6   | Found a viscous altar of Jiyva.
 21996 | Lair:6   | Found a staircase to the Slime Pits.
 22383 | Lair:6   | Reached skill level 13 in Shields
 22757 | Lair:6   | Learned a level 3 spell: Stone Arrow
 23113 | D:9      | Got a transparent bronze ring
 23151 | D:9      | Identified the ring of Reimbursement {*Tele rPois rC+ Int+2 Stlth+} (You found it on level 9 of the Dungeon)
 23344 | Snake:1  | Entered Level 1 of the Snake Pit
 23670 | Snake:1  | Noticed Frances
 23696 | Snake:1  | Killed Frances
 23702 | Snake:1  | Received a gift from Okawaru
 24950 | Snake:2  | Received a gift from Okawaru
 24967 | Snake:2  | Reached XP level 16. HP: 42/124 MP: 22/22
 25341 | Snake:2  | Reached skill level 14 in Shields
 26597 | Snake:2  | Received a gift from Okawaru
 26600 | Snake:2  | Got a transparent shield {god gift}
 26611 | Snake:2  | Identified the +0 shield "Forget-Me-Not" {rN++ MR+++ rCorr Dex-5} (Okawaru gifted it to you on level 2 of the Snake Pit)
 28853 | Snake:3  | Noticed Saint Roka
 29220 | Snake:3  | Killed Saint Roka
 29220 | Snake:3  | Received a gift from Okawaru
 29502 | Snake:4  | Entered Level 4 of the Snake Pit
 29520 | Snake:4  | Noticed Asterion
 29541 | Snake:4  | Killed Asterion
 29541 | Snake:4  | Reached XP level 17. HP: 82/131 MP: 24/24
 30043 | Snake:4  | Reached skill level 15 in Shields
 30150 | Snake:4  | Reached skill level 15 in Staves
 30290 | Snake:4  | Received a gift from Okawaru
 30351 | Snake:4  | Noticed Vashnia
 30622 | Snake:3  | Killed Vashnia
 31337 | Snake:4  | Received a gift from Okawaru
 31354 | Snake:4  | Reached skill level 10 in Dodging
 31456 | Snake:4  | Reached XP level 18. HP: 111/141 MP: 25/25
 32480 | Snake:4  | Received a gift from Okawaru
 32486 | Snake:4  | Got a steaming plate armour {god gift}
 32497 | Snake:4  | Identified the +0 plate armour of Borucul {rPois rN+ Str-2} (Okawaru gifted it to you on level 4 of the Snake Pit)
 32680 | Snake:4  | Reached skill level 16 in Shields
 32702 | Snake:4  | Identified the Disquisition on Dark Self-Knowledge
 32702 | Snake:4  | Noticed Aizul
 32729 | Snake:4  | Killed Aizul
 33542 | Snake:4  | Got a serpentine rune of Zot
 33889 | Swamp:1  | Entered Level 1 of the Swamp
 34785 | Swamp:2  | Received a gift from Okawaru
 34912 | Swamp:2  | Reached skill level 15 in Armour
 35404 | Swamp:3  | Reached XP level 19. HP: 147/149 MP: 26/26
 35539 | Swamp:3  | Reached skill level 10 in Invocations
 36055 | Swamp:4  | Entered Level 4 of the Swamp
 36069 | Swamp:4  | Reached skill level 1 in Axes
 36506 | Swamp:3  | Received a gift from Okawaru
 38174 | Swamp:4  | Got a decaying rune of Zot
 39005 | Orc:1    | Entered Level 1 of the Orcish Mines
 39034 | Orc:1    | Slain by an orc warlord

Skill      XL: |  1  2  3  4  5  6  7  8  9 10 11 12 13 14 15 16 17 18 19 |
---------------+----------------------------------------------------------+-----
Shields        | 4 5 6 7 8 9 11 12 13 14 15 16 | 16.9
Staves         | 3 4 6 7 9 10 11 12 13 14 15 | 15.8
Dodging        | 1 2 3 4 5 7 8 9 10 11 | 11.2
Armour         | 4 5 6 7 8 10 11 12 13 15 | 15.4
Fighting       | 4 5 6 7 8 9 10 11 12 13 | 13.5
Stealth        | 1 2 3 4 5 7 8 |  8.7
Invocations    | 3 6 7 8 9 10 | 10.0
Evocations     | 2 5 6 7 |  7.7
Axes           | 4 |  4.7

Action                   |  1- 3 |  4- 6 |  7- 9 | 10-12 | 13-15 | 16-18 | 19-21 || total
-------------------------+-------+-------+-------+-------+-------+-------+-------++-------
Melee: Quarterstaff      |   126 |   203 |   273 |   592 |  1143 |  1217 |    81 ||  3635
       Battleaxe         |       |       |       |       |     5 |       |   298 ||   303
       Lajatang          |       |       |       |       |       |   318 |    30 ||   348
Invok: Heroism           |       |       |       |     8 |    16 |    24 |     6 ||    54
       Finesse           |       |       |       |     1 |     5 |     3 |     3 ||    12
 Abil: Dig               |       |       |       |     8 |    24 |       |     1 ||    33
       Evoke Fog         |       |       |       |       |     1 |     1 |     2 ||     4
Evoke: Wand              |       |       |       |     8 |     1 |       |       ||     9
  Use: Scroll            |       |     6 |     6 |     7 |     6 |     5 |       ||    30
       Potion            |       |       |       |     1 |     2 |       |     3 ||     6
 Stab: Distracted        |       |       |     1 |       |       |       |       ||     1
       Sleeping          |       |       |       |     3 |     2 |       |       ||     5
       Paralysed         |       |       |       |     2 |     2 |       |       ||     4
       Confused          |       |       |       |       |       |       |     4 ||     4
       Invisible         |       |       |       |       |       |       |     1 ||     1
  Eat: Chunk             |       |     9 |     8 |    16 |    13 |     7 |     2 ||    55
       Ration            |       |       |     1 |     2 |     8 |     8 |     4 ||    23
Armor: Scale mail        |    57 |    68 |    28 |       |       |       |       ||   153
       Leather armour    |       |       |    11 |    78 |    16 |       |    11 ||   116
       Crystal plate arm |       |       |       |       |   315 |   542 |   324 ||  1181
       Ring mail         |       |       |       |       |    11 |       |       ||    11
       Skin              |       |       |       |       |     1 |       |       ||     1
Dodge: Dodged            |    54 |    60 |    87 |   175 |   234 |   335 |   255 ||  1200
Block: Shield            |    81 |    96 |   114 |   270 |   623 |   843 |   438 ||  2465
